 Dungeon Crawl Stone Soup version 0.17.2-1-ge4368a0 (webtiles) character file.

49 InfertileCircle the Insei (level 3, -2/29 HPs)
             Began as a Mummy Monk on Apr 28, 2017.
             Slain by a jackal (3 damage)
             ... on level 2 of the Dungeon.
             The game lasted 00:01:15 (1527 turns).

InfertileCircle the Insei (Mummy Monk)              Turns: 1527, Time: 00:01:15

Health: -2/29      AC:  0    Str: 14    XL:     3   Next: 53%
Magic:  3/3        EV: 13    Int:  9    God:
Gold:   123        SH:  0    Dex: 15    Spells: 0 memorised, 2 levels left

rFire  x . .     SeeInvis .       - Unarmed
rCold  + . .     Clarity  .     (no armour)
rNeg   + + +     SustAt   +     (no shield)
rPois  ∞         Gourm    .     (no helmet)
rElec  .         Spirit   .     (no cloak)
rCorr  .         Warding  .     (no gloves)
rMut   .         Stasis   .     (no boots)
MR     .....                    (no amulet)
Stlth  ++........               c - ring of sustain attributes (curse)
                                (no ring)

@: not resistant to hostile enchantments, unstealthy
A: no food or potions, fire vulnerability, cold resistance 1, negative energy
resistance 3, torment resistance, unbreathing
a: no special abilities


You were on level 2 of the Dungeon.
You were not hungry.

You visited 1 branch of the dungeon, and saw 2 of its levels.

You collected 123 gold pieces.


Innate Abilities, Weirdness & Mutations

You do not eat or drink.
Your flesh is vulnerable to fire.
You are immune to poison.
Your flesh is cold resistant.
You are immune to negative energy.
You are immune to unholy pain and torment.
You can survive without breathing.


   Skills:
 - Level 3.0 Fighting
 - Level 2.4 Dodging
 - Level 1.5 Stealth
 + Level 4.4 Unarmed Combat


You had 2 spell levels left.
You didn't know any spells.

Inventory:

Jewellery
 a - an uncursed ring of ice
 c - a cursed ring of sustain attributes (right hand)
Scrolls
 b - a scroll of teleportation {unknown}
 d - a scroll of blinking {unknown}
 e - a scroll of immolation {unknown}
 f - a scroll of enchant armour {unknown}
 g - a scroll of recharging {unknown}

Dungeon Overview and Level Annotations

Branches:
Dungeon (2/15)

Altars:

▒▒▒.▒ ▒..>..... ....
▒.▒.▒▒...
▒.▒▒▒▒▒▒▒▒.▒.▒▒...
▒......%▒▒.▒.▒▒...
▒.▒▒▒.▒▒.▒▒▒▒▒.▒......
▒.....▒▒.▒▒▒▒▒.▒......
▒▒▒▒▒.▒▒)......▒▒.▒▒▒▒
▒.▒▒▒▒▒▒▒▒▒▒▒.▒▒ ▒M▒
▒........▒ ▒h▒
▒.▒▒▒▒▒..▒
▒...†.......▒ ▒..▒▒
▒.....▒▒▒▒▒▒▒ ▒...▒▒
▒...... ▒.▒.▒. ▒.....▒
▒.▒... ▒.....▒ ▒.▒▒[†
▒.....▒ ▒.▒▒.. ▒▒▒....
..▒▒▒.


You could see a jackal.


Message History

You are too injured to fight recklessly!!!
You miss the jackal! The jackal barely misses you!
You barely miss the jackal! The jackal bites you! * * * don't die
* * * You take 2 damage, and have 10/29 hp!
You pummel the jackal but do no damage! The jackal completely misses you!
You closely miss the jackal! The jackal bites you! * * * don't die
* * * You take 1 damage, and have 9/29 hp!
You barely miss the jackal! The jackal barely misses you!
The jackal bites you! * * * don't die
* * * You take 2 damage, and have 7/29 hp!
You squash the jackal like an ant!
You annihilate the jackal!!!
The jackal barely misses you!
You miss the jackal! Your punch misses the jackal!
The jackal closely misses you!
You closely miss the jackal! The jackal barely misses you!
You closely miss the jackal! The jackal bites you! * * * don't die
* * * The jackal bites you! * * * don't die
* * * You take 6 damage, and have 1/29 hp!
MASSIVE DAMAGE!!!!!!
You pummel the jackal like a punching bag!
The jackal is heavily wounded!
The jackal misses you!
You pummel the jackal like a punching bag!
You annihilate the jackal!!!
You barely miss the jackal! The jackal bites you! rip

Action                   || total
-------------------------++-------
Melee: Unarmed           ||   132
 Stab: Sleeping          ||     4

Vault maps used:
D:1:      saegor_arrival_simple_c
D:2:      xom_redecorated, yredelemnul_forgotten_temple_becter, uniq_terence

Notes
Turn   | Place    | Note
--------------------------------------------------------------
     0 | D:1      | InfertileCircle the Mummy Monk began the quest for the Orb.
     0 | D:1      | Reached XP level 1. HP: 18/18 MP: 1/1
   253 | D:1      | Reached XP level 2. HP: 21/24 MP: 2/2
   747 | D:2      | Reached skill level 4 in Unarmed Combat
   944 | D:2      | Reached XP level 3. HP: 19/29 MP: 3/3
  1524 | D:2      | HP: 1/29 [jackal (3)]
  1527 | D:2      | Slain by a jackal

Vanquished Creatures
  An adder (D:2)
  2 giant geckos
  4 bats
  A giant cockroach (D:1)
  2 hobgoblins
  10 jackals (D:2)
  4 kobolds
  4 giant newts
  5 goblins
  2 rats (D:2)
35 creatures vanquished.
